Map: Site Delta LE

Players

Arries - Winner!

  • Race: Terran Terran
  • League: Diamond
  • Spawn Location: 11:00

SubN

  • Race: Zerg Zerg
  • League: Diamond
  • Spawn Location: 5:00

VOD

Have the link to the VOD?

Description

Time

  • Played on: Jan. 20, 2024, 5:03 p.m.
  • Length: 11:23
Show
View Real Time Build Order
Export as new Build Order

Arries Terran - Winner!

Build Orders: Reaper Expand, Hellion Banshee 

Get SALT Encoding   

  12  0:00  SCV  
  13  0:12  SCV  
  14  0:17  Supply Depot  
  14  0:24  SCV  
  15  0:38  SCV  
  15  0:40  Barracks  
  16  0:47  Refinery  
  16  0:50  SCV  
  17  1:03  SCV  
  18  1:15  SCV  
  19  1:27  Orbital Command  
  19  1:32  Reaper  
  20  1:42  Command Center  
  20  1:54  SCV  
  21  2:01  Supply Depot  
  21  2:04  Marine  
  21  2:07  Factory  
  22  2:10  SCV  
  22  2:15  Refinery  
  23  2:28  Barracks Reactor  
  23  2:38  SCV  
  24  2:50  SCV  
  25  2:56  Starport  
  25  2:57  Orbital Command  
  25  3:02  SCV  
  26  3:10  Hellion x2, Barracks Tech Lab  
  30  3:14  SCV  
  31  3:25  SCV  
  31  3:26  SCV  
  33  3:32  Hellion x2  
  37  3:36  Barracks Tech Lab  
  37  3:38  SCV  
  37  3:40  Supply Depot  
  38  3:45  SCV  
  38  3:47  Cloaking Field, Banshee  
  42  3:51  SCV  
  43  3:57  Supply Depot, SCV  
  43  4:01  Hellion  
  43  4:02  Hellion  
  48  4:03  SCV  
  48  4:05  Supply Depot  
  49  4:14  SCV  
  49  4:15  SCV  
  51  4:21  Marine  
  52  4:27  Stimpack  
  52  4:30  SCV x2  
  54  4:34  Banshee, Supply Depot  
  54  4:37  Factory Tech Lab  
  57  4:45  SCV  
  57  4:46  SCV  
  57  4:47  Command Center  
  59  4:54  Marine  
  59  4:59  Supply Depot  
  60  5:01  Siege Tank  
  63  5:13  SCV x2  
  65  5:19  Barracks  
  65  5:21  Barracks  
  65  5:25  SCV x2  
  67  5:29  Engineering Bay  
  67  5:30  Marine, Engineering Bay  
  67  5:31  Starport Reactor  
  68  5:35  Supply Depot  
  68  5:38  SCV x2  
  70  5:45  Siege Tank  
  73  5:51  Refinery  
  73  5:52  Refinery  
  73  5:57  Terran Infantry Armor Level 1, Terran Infantry Weapons Level 1  
  73  5:59  Supply Depot x2  
  73  6:00  Supply Depot  
  73  6:05  Orbital Command  
  73  6:10  Combat Shield  
  73  6:14  SCV x2  
  75  6:26  Supply Depot, SCV  
  75  6:27  Supply Depot, SCV  
  77  6:37  Marine x4  
  77  6:38  Siege Tank, Medivac  
  86  6:46  Orbital Command  
  86  6:54  Marine  
  86  6:55  Marine x3  
  90  7:05  Supply Depot  
  90  7:08  Armory  
  90  7:11  Concussive Shells  
  90  7:14  Marine x4  
  94  7:17  SCV x3  
  97  7:23  Siege Tank, Medivac  
  97  7:24  Medivac  
  97  7:29  Bunker  
  104  7:32  Marine  
  105  7:38  SCV x3  
  105  7:40  Marauder x2  
  105  7:41  Supply Depot  
  112  7:44  Marine  
  112  7:50  SCV x3  
  116  7:53  Marine  
  116  7:54  Medivac x2  
  121  8:01  Marine x2  
  121  8:03  SCV x3  
  121  8:04  Marine  
  127  8:09  Terran Vehicle And Ship Armor Level 1  
  127  8:11  Supply Depot  
  127  8:12  Barracks  
  127  8:13  Supply Depot, Barracks  
  127  8:22  Terran Infantry Weapons Level 2  
  127  8:34  Marine  
  128  8:40  Marine  
  128  8:41  Marauder x2, Siege Tank  
  133  8:45  Refinery x2  
  133  8:46  SCV x3  
  139  8:51  Marine  
  140  8:58  SCV x2  
  140  9:01  Marine  
  140  9:02  Marine x2  
  145  9:08  Medivac x2  
  145  9:09  Marine  
  150  9:11  Barracks Tech Lab, Barracks Reactor  
  150  9:15  Barracks  
  150  9:16  SCV  
  152  9:17  Barracks, SCV x2  
  152  9:19  Barracks  
  153  9:28  SCV  
  153  9:29  SCV x2  
  156  9:33  Marine x2  
  156  9:34  Marine x3  
  156  9:35  Siege Tank  
  164  9:41  SCV x3  
  167  9:48  Medivac x2  
  167  9:49  Marine x2  
  167  9:51  Marine x3  
  176  9:52  Command Center  
  176  9:54  Bunker  
  176  10:04  Supply Depot  
  176  10:05  Supply Depot  
  176  10:10  Barracks Reactor x3  
  176  10:11  Marauder x2, Marine  
  181  10:26  Marauder, Marine x3  
  186  10:29  Marine  
  186  10:32  Siege Tank, Medivac x2  
  194  10:41  Ghost Academy  
  194  10:44  Starport  
  194  10:47  Fusion Core  
Show
View Real Time Build Order
Export as new Build Order

SubN Zerg 

Build Orders: Hatch First 

Get SALT Encoding   

  12  0:00  Drone  
  13  0:12  Overlord  
  13  0:16  Drone  
  14  0:30  Drone x2  
  16  0:44  Drone  
  17  0:51  Hatchery  
  17  0:54  Drone  
  17  0:58  Extractor  
  16  1:10  Spawning Pool  
  15  1:13  Drone  
  15  1:17  Drone  
  17  1:20  Drone  
  18  1:27  Drone  
  19  1:38  Overlord  
  19  1:57  Queen  
  19  2:00  Zergling x4  
  23  2:02  Queen  
  23  2:04  Zergling x2  
  26  2:10  Drone  
  27  2:17  Drone  
  28  2:27  Extractor  
  27  2:33  Hatchery  
  26  2:41  Queen  
  28  2:52  Overlord x2  
  28  3:00  Metabolic Boost  
  28  3:05  Overlord  
  28  3:11  Drone x2  
  28  3:12  Drone  
  31  3:15  Drone  
  31  3:18  Drone  
  33  3:26  Queen  
  33  3:29  Drone  
  33  3:32  Drone  
  37  3:35  Drone  
  37  3:37  Drone  
  39  3:42  Overlord  
  39  3:48  Queen  
  39  3:51  Drone  
  39  3:54  Drone  
  44  3:55  Drone  
  44  4:08  Zergling x6  
  47  4:10  Roach Warren  
  47  4:13  Queen  
  48  4:27  Drone x7  
  55  4:32  Extractor  
  55  4:35  Extractor  
  55  4:36  Queen  
  55  4:39  Drone x3  
  55  4:45  Lair  
  58  4:47  Drone  
  58  4:49  Drone  
  58  4:50  Drone  
  60  5:04  Drone x2  
  60  5:06  Drone x3  
  65  5:17  Overlord x2  
  65  5:18  Overlord x3  
  65  5:33  Overlord  
  65  5:37  Drone  
  65  5:38  Drone x3  
  65  5:39  Drone  
  65  5:41  Extractor  
  69  5:45  Drone x9  
  78  5:52  Queen  
  78  5:53  Queen  
  78  5:56  Drone x3  
  85  5:58  Extractor  
  85  6:01  Extractor  
  85  6:03  Spire  
  82  6:12  Evolution Chamber  
  82  6:13  Evolution Chamber  
  82  6:14  Drone x3  
  82  6:17  Overlord x3  
  83  6:25  Drone x2  
  85  6:26  Drone  
  85  6:32  Overseer  
  84  6:34  Overseer  
  82  6:40  Hatchery, Roach x5  
  83  6:52  Drone x8  
  89  6:58  Spore Crawler  
  89  7:00  Spore Crawler  
  87  7:04  Zerg Ground Armor Level 1  
  87  7:05  Zerg Melee Weapons Level 1  
  87  7:06  Glial Reconstitution  
  87  7:13  Drone  
  87  7:14  Drone x3  
  87  7:15  Drone  
  92  7:16  Drone  
  92  7:21  Drone  
  94  7:24  Infestation Pit  
  94  7:25  Zerg Flyer Weapons Level 1  
  93  7:39  Drone x2  
  93  7:40  Zergling x2  
  93  7:41  Zergling x20  
  106  7:47  Drone  
  106  7:50  Baneling Nest, Drone  
  107  7:56  Queen  
  109  7:59  Drone x4  
  113  8:10  Queen  
  115  8:14  Spore Crawler  
  115  8:15  Corruptor, Spore Crawler  
  115  8:16  Corruptor x3  
  115  8:18  Overseer  
  121  8:28  Spore Crawler  
  118  8:40  Baneling x7  
  117  8:41  Centrifugal Hooks  
  117  8:46  Zergling x2  
  117  8:47  Zergling x26  
  134  9:04  Extractor  
  134  9:05  Extractor  
  134  9:08  Corruptor x4  
  137  9:17  Zergling x2  
  137  9:19  Overlord x6  
  138  9:24  Hive  
  138  9:38  Drone  
  139  9:43  Corruptor x3  
  144  9:55  Hatchery  
  143  10:03  Overlord x5  
  143  10:05  Overseer  
  143  10:06  Overseer  
  137  10:25  Baneling  
  137  10:26  Baneling x5  
  137  10:27  Zergling x2  
  137  10:28  Zergling x30  
  149  10:33  Queen  
  151  10:39  Queen  
  153  10:46  Viper x3  
  153  10:47  Viper x2  
  168  10:52  Baneling  
  168  10:53  Baneling x5  
Tags
 
Add a new tag
Caveats
  • Supply blocks, unpowered buildings, or Contaminate may cause inaccurate times.
  • Supply counts are checked every 10 seconds.